 Dungeon Crawl Stone Soup version 0.31-a0-835-g2a3a5bc3be (webtiles) character file.

Game seed: 17249639415996875936

210290 EnegeticOcto the Markself (level 18, -4/120 HPs)
             Began as a Deep Elf Chaos Knight on Sept 25, 2023.
             Was a Plaything of Xom.
             Slain by a formless jellyfish (24 damage)
             ... on level 3 of the Shoals on Sept 26, 2023.
             The game lasted 01:28:19 (38194 turns).

EnegeticOcto the Markself (Deep Elf Chaos Knight)  Turns: 38194, Time: 01:28:20

Health: -4/120     AC: 21    Str: 13    XL:     18   Next: 18%
Magic:  32/32      EV: 24    Int: 19    God:    Xom [...*..]
Gold:   1136       SH:  0    Dex: 23    Spells: 27/33 levels left

rFire   + . .        a - +9 longbow (drain)
rCold   + . .        (shield currently unavailable)
rNeg    . . .        r - +3 ring mail
rPois   .            G - +2 helmet
rElec   .            w - scarf {rC+ rF+}
rCorr   .            b - +2 pair of gloves
SInv    .            y - +3 pair of mountain boots {steadfast, rC+}
Will    ++...        M - amulet of regeneration
Stlth   ++           Z - +6 ring of dexterity {=R}
HPRegen 1.20/turn    s - +4 ring of slaying
MPRegen 0.23/turn

%: no passive effects
@: about to teleport, very slow
A: iridescent scales 1, clumsy 1, strong-willed 1, strong 1, cold vulnerability
1, MP-powered wands
}: 1/15 runes: gossamer
a: Renounce Religion


You were on level 3 of the Shoals.
You worshipped Xom.
You were a favourite toy of Xom.
You visited 5 branches of the dungeon, and saw 30 of its levels.
You also visited: Gauntlet.

You collected 2753 gold pieces.
You spent 1617 gold pieces at shops.

Inventory:

Hand Weapons
 a - a +9 longbow of draining (weapon)
   (You found it on level 1 of the Shoals)
 e - the +6 dagger of Spring {holy, Will+ rCorr Int+4 SInv}
   (You found it on level 5 of the Lair of Beasts)

   Int+4:     It affects your intelligence (+4).
   Will+:     It increases your willpower.
   SInv:      It lets you see invisible.
   rCorr:     It protects you from acid and corrosion.
 o - a +0 dagger of distortion
   (You took it off Sonja on level 3 of the Lair of Beasts)
 R - the +4 dagger of Maphupt {flame, rF+ rC+ Str-4 Dex+4}
   (You found it on level 10 of the Dungeon)

   Str-4:     It affects your strength (-4).
   Dex+4:     It affects your dexterity (+4).
   rF+:       It protects you from fire.
   rC+:       It protects you from cold.
Missiles
 D - 57 poisoned darts
 Q - 11 curare-tipped darts
 V - 3 throwing nets {!f}
Armour
 b - a +2 pair of gloves (worn)
   (You found it on level 4 of the Dungeon)
 r - a +3 ring mail (worn)
   (You found it on level 5 of the Lair of Beasts)
 w - a scarf of resistance (worn)
   (You found it on level 13 of the Dungeon)
 y - the +3 pair of mountain boots (worn) {steadfast, rC+}
   (You bought it in a shop on level 2 of the Orcish Mines)

   Steadfast: It prevents involuntary movement, except for blinking,
   teleportation, or banishment.
   rC+:       It protects you from cold.
 G - a +2 helmet (worn)
   (You found it on level 7 of the Dungeon)
 H - a +1 cloak
   (You found it on level 10 of the Dungeon)
Jewellery
 i - a ring of resist corrosion
   (You found it on level 5 of the Lair of Beasts)
 j - a +4 ring of protection
   (You found it on level 11 of the Dungeon)
 l - an amulet of the acrobat
   (You found it on level 1 of the Dungeon)
 s - a +4 ring of slaying (right hand)
   (You found it on level 5 of the Lair of Beasts)
 z - a ring of see invisible
   (You found it on level 4 of the Dungeon)
 C - a ring of positive energy
   (You found it on level 6 of the Dungeon)
 I - a ring of protection from cold
   (You found it on level 2 of the Shoals)
 J - a ring of magical power
   (You found it on level 7 of the Dungeon)
 M - an amulet of regeneration (around neck)
   (You found it on level 8 of the Dungeon)
 Z - a +6 ring of dexterity (left hand) {=R}
   (You found it on level 14 of the Dungeon)
Wands
 f - a wand of polymorph (6)
   (Xom gifted it to you on level 2 of the Orcish Mines)
 u - a wand of mindburst (10)
   (You found it on level 15 of the Dungeon)
 A - a wand of flame (14) {@v4}
   (You took it off Ijyb on level 4 of the Dungeon)
 B - a wand of roots (1) {@v2}
   (You found it on level 4 of the Dungeon)
 E - a wand of light (3) {@v1}
   (You found it on level 3 of the Spider Nest)
 K - a wand of paralysis (8)
   (You found it on level 15 of the Dungeon)
Scrolls
 d - 9 scrolls of teleportation {@r3 !r}
 g - 3 scrolls of butterflies
 q - 2 scrolls of vulnerability
 L - a scroll of brand weapon
 N - 5 scrolls of fog {!r}
 S - 2 scrolls of revelation {@r5 !r}
 W - a scroll of identify {@r1}
 X - a scroll of blinking {@r4}
Potions
 c - 2 potions of berserk rage
 h - 8 potions of brilliance
 k - 3 potions of enlightenment
 m - 3 potions of attraction
 n - 4 potions of haste {@q4 !q}
 p - a potion of might {@q3 !q}
 t - 3 potions of mutation
 v - 2 potions of resistance
 x - 2 potions of magic
 F - 8 potions of curing {@q1 !q}
 O - 4 potions of ambrosia
 P - 3 potions of heal wounds {@q2 !q}
 U - 3 potions of cancellation
 Y - 6 potions of lignification {@q6}
Miscellaneous
 T - a sack of spiders (inert)
   (You found it on level 10 of the Dungeon)


   Skills:
 + Level 15.7 Fighting
 - Level 3.0 Short Blades
 - Level 20.9 Ranged Weapons
 - Level 5.0 Armour
 + Level 18.8 Dodging
 - Level 6.0 Stealth
 - Level 8.0 Spellcasting
 - Level 13.0 Hexes
 - Level 12.0 Evocations


You had 27 spell levels left.
You knew the following spells:

 Your Spells              Type           Power      Damage    Failure   Level
a - Apportation           Tloc           14%        N/A       19%         1
b - Summon Small Mammal   Summ           28%        N/A       19%         1
c - Cause Fear            Hex            27%        N/A       1%          4

Your spell library contained the following spells:

 Spells                   Type           Power      Damage    Failure   Level
 Slow                     Hex            100%       N/A       1%          1
 Ensorcelled Hibernation  Hex/Ice        64%        N/A       1%          2
 Jinxbite                 Hex            100%       N/A       1%          2
 Confusing Touch          Hex            54%        N/A       1%          3
 Sigil of Binding         Hex            54%        N/A       1%          3
 Dazzling Flash           Conj/Hex       64%        N/A       3%          3
 Inner Flame              Hex/Fire       32%        N/A       3%          3
 Summon Guardian Golem    Hex/Summ       32%        N/A       3%          3
 Anguish                  Hex/Necr       16%        N/A       12%         4
 Necrotise                Necr           28%        1d5       19%         1
 Cigotuvi's Dreadful Rot  Necr/Pois/Air  14%        N/A       26%         2
 Scorch                   Fire           14%        2d5       26%         2
 Yara's Violent Unravell  Hex/Tmut       16%        3d8       34%         5
 Hailstorm                Conj/Ice       7%         3d4       47%         3
 Vampiric Draining        Necr           7%         2d6       47%         3
 Volatile Blastmotes      Fire/Tloc      14%        2d11      47%         3
 Enfeeble                 Hex            27%        N/A       58%         7
 Animate Dead             Necr           7%         N/A       87%         4
 Dispel Undead            Necr           7%         3d8       87%         4
 Flame Wave               Conj/Fire      7%         2d5       87%         4
 Summon Ice Beast         Ice/Summ       7%         N/A       87%         4
 Iskenderun's Battlesphe  Conj           7%         2d6       99%         5
 Bombard                  Conj/Erth      3%         9d1       100%        6
 Death Channel            Necr           3%         N/A       100%        6
 Simulacrum               Ice/Necr       3%         N/A       100%        6
 Starburst                Conj/Fire      3%         6d3       100%        6
 Summon Cactus Giant      Summ           3%         N/A       100%        6
 Haunt                    Necr/Summ      3%         N/A       100%        7
 Malign Gateway           Summ/Tloc      3%         N/A       100%        7
 Orb of Destruction       Conj           3%         9d5       100%        7
 Spellforged Servitor     Conj/Summ      3%         N/A       100%        7
 Infestation              Necr           3%         N/A       100%        8
 Maxwell's Capacitive Co  Air            3%         ∞         100%        8
 Summon Horrible Things   Summ           3%         N/A       100%        8


Dungeon Overview and Level Annotations

Branches:
Dungeon (15/15) Zot: 24772  Temple (0/1) D:5            Lair (5/5) D:10 Zot: 22307
 Shoals (4/4) Lair:2 Zot: 19073  Spider (4/4) Lair:2 Zot: 18433   Slime (0/5) Lair:4
    Orc (2/2) D:12 Zot: 10517     Elf (0/3) Orc:2        Vaults (0/5) D:14
 Depths (0/4) D:15        Gauntlet (visited)

Altars:
Fedhas
Gozag
Hepliaklqana
Makhleb
Okawaru
Ru
Sif Muna
Uskayaw
Vehumet
Xom
The Shining One
Jiyva

Shops:
Orc:2 [([(

Annotations:
D:5 1 runed translucent door, exclusion: door, Crazy Yiuf
D:12 Frances
D:14 2 runed translucent doors, 1 exclusion
D:15 3 runed translucent doors, exclusion: door, Pymiarph's ghost, journeyman DrMo
Lair:2 3 runed translucent doors, exclusion: door, Mindmass's ghost, journeyman HuCj
Lair:4 1 exclusion
Shoals:1 2 transporters, Viqonant's ghost, journeyman SpHu
Shoals:2 3 runed translucent doors, exclusion: door
Spider:2 3 runed translucent doors, exclusion: door, Conn's ghost, adept OpFE; Waskele's ghost, adept GrBe


Innate Abilities, Weirdness & Mutations

You are partially covered in iridescent scales. (AC +2)
You are clumsy. (Dex -2)
You are strong-willed. (Will+)
Your muscles are strong. (Str +4, Int/Dex -1)
You are vulnerable to cold. (rC-)
You expend magic power (3 MP) to strengthen your wands.


Message History

You shoot an arrow. The arrow hits the manticore!
You drain the manticore.
The manticore is almost dead.
The manticore flicks its tail.
The volley of spikes misses you.
A water elemental comes into view.
Fire: a) +9 longbow (drain)
Press: ? - help, Q - select action, (/) - cycle Shift-Dir - straight line, f/p - manticore
Aim: a manticore (almost dead, lightly drained, 85% to hit)
You shoot an arrow. The arrow hits the manticore!!
You kill the manticore!
The formless jellyfish shimmers eerily.
The formless jellyfish blinks!
The merfolk impaler hits you from afar with a +0 trident!!
The merfolk throws a throwing net.
The throwing net hits you.
You become entangled in the net!
You stop ascending the stairs.
You struggle against the net.
A merfolk comes into view. It is wielding a +0 trident.
The water elemental closely misses you.
You struggle against the net.
The merfolk aquamancer gestures wildly while chanting.
The merfolk aquamancer blinks!
The formless jellyfish stings you but does no damage.
The formless jellyfish closely misses you.
A merfolk javelineer comes into view. It is wielding a +2 spear of flaming.
The water elemental hits you.
The water elemental engulfs you in water!
You cannot read scrolls while unable to breathe!
Unknown command.
Okay, then.
You rip the net and break free!
Your lungs strain for air!
The merfolk aquamancer hits you with a +0 rapier.
The merfolk aquamancer misses you.
A merfolk siren comes into view. It is wielding a +2 heavy spear.
The merfolk impaler barely misses you.
The merfolk hits you but does no damage.
The formless jellyfish stings you.
You suddenly lose the ability to move!
You are poisoned.
The formless jellyfish poisons you! The formless jellyfish grabs you.
The formless jellyfish constricts you. The water elemental hits you.
The merfolk impaler hits you but does no damage.
You can move again.
You cannot read scrolls while unable to breathe!
Unknown command.
You escape the formless jellyfish's grasp.
Your lungs strain for air!
You feel very sick.
The merfolk aquamancer hits you with a +0 rapier!
The merfolk aquamancer barely misses you.
The merfolk hits you from afar with a +0 trident!
The merfolk impaler barely misses you. The water elemental hits you!
* * * LOW HITPOINT WARNING * * *
You climb upwards.
The water engulfing you falls away.
You gasp with relief as air once again reaches your lungs.
You feel extremely sick.
There is a stone staircase leading down here.
Blink to where?
Press: ? - help, Dir - move target
As you read the scroll of blinking {@r4}, it crumbles to dust.
You feel very sick.
The formless jellyfish shimmers eerily.
The formless jellyfish blinks!
Okay, then.
Blink to where?
Press: ? - help, Dir - move target
As you read the scroll of blinking {@r4}, it crumbles to dust.
You feel very sick.
You feel sick.
Really read
d - 11 scrolls of teleportation {@r3 !r}?
As you read the scroll of teleportation {@r3 !r}, it crumbles to dust.
You feel strangely unstable.
You feel sick.
The formless jellyfish shimmers eerily.
The formless jellyfish blinks!
You feel sick.
You feel sick.
You feel sick.
Your surroundings suddenly seem different.
Splash!
You fall into the shallow water.
Moving in this stuff is going to be slow.
Xom thinks this is hilarious!
You feel sick.
The merfolk aquamancer mumbles some strange words.
The merfolk aquamancer blinks!
Really read
N - 6 scrolls of fog {!r}?
As you read the scroll of fog {!r}, it dissolves into smoke.
You feel sick.
The formless jellyfish shimmers eerily.
The formless jellyfish blinks!
The merfolk aquamancer gestures wildly while chanting.
The merfolk aquamancer blinks!
Really read
d - 10 scrolls of teleportation {@r3 !r}?
As you read the scroll of teleportation {@r3 !r}, it crumbles to dust.
You feel strangely unstable.
You feel sick.
You are no longer poisoned.
The formless jellyfish shimmers eerily.
The formless jellyfish blinks!
The sentinel's mark upon you fades away.
The formless jellyfish stings you!!
You die...
Xom snickers!

~~~≈≈≈≈≈≈~....~~~~~~~~~~...###...
~~≈≈≈≈≈≈~m....~~~~~~P~≈≈~..##....
~~~≈≈≈≈.....~~~~~~~~P~~PPP......~
~~≈≈~~.<....~~∩~~P~~~~~~PP...P..~
~≈≈≈§~........P~P~~~~~~≈≈~.......
~≈≈≈~~~m.....§§§PP~.~~~~~.P~~~.P.
~≈≈≈~~~......§P§PP~^..~~..~~P~...
~≈≈≈~~~..§...§§§J§P.###....P.....
~~~~~.....m..§§§@~.)# ##.).......
~~~...#......§§§~~..####.P...~..~
..########..~~~~~~~........~~~...
..# #..~~~~~~~~~.~~....~~... #.#
##.~~~≈~~~~~..~~~..~~~~.. ###
##.~~~≈≈≈≈~~~~~~~~~(~~~~~~
#...P≈≈≈≈≈~~~~~~~~~~~≈~~~~
##..~≈≈≈≈≈≈~~~~~~~~≈≈≈≈≈≈≈ ###
#P~~≈≈≈≈≈≈≈≈~~~~≈≈≈≈≈≈≈≈≈


You could see a formless jellyfish.

Vanquished Creatures
  Mara (Shoals:3)
  Mlioglotl (Shoals:3)
  A kraken (Shoals:2)
  Kirke (Lair:3)
  Donald (Shoals:2)
  Ilsuiw (Shoals:2)
  6 emperor scorpions
  4 ghost moths
  An ironbound thunderhulk (D:14)
  A minotaur (Shoals:1)
  A bunyip (Shoals:2)
  3 spark wasps
  6 entropy weavers
  3 merfolk javelineers
  A fire dragon (Lair:5)
  A merfolk impaler (Shoals:1)
  9 hydras
  2 jorogumos (Spider:2)
  A vault guard (D:14)
  An ogre mage (D:15)
  3 radroaches (Spider:2)
  3 merfolk avatars
  3 centaur warriors
  2 catoblepae
  A merfolk aquamancer (Shoals:3)
  5 boulder beetles
  11 two-headed ogres
  4 orc high priests (Orc:2)
  8 demonic crawlers
  13 death yaks
  2 satyrs
  Nergalle (Lair:1)
  Sonja (Lair:3)
  A fire crab (Lair:4)
  7 pharaoh ants
  2 skeletal warriors (D:15)
  3 skysharks
  6 sea snakes
  2 sun moths
  15 orb spiders
  6 lindwurms
  6 steelbarb worms
  2 phantasmal warriors
  A necromancer (D:15)
  8 harpies
  4 orc knights (Orc:2)
  A tengu zombie (D:15)
  A deep elf pyromancer (D:12)
  24 wolf spiders
  A cyclops (shapeshifter) (Shoals:2)
  3 ugly things
  6 orc sorcerers (Orc:2)
  8 fauns
  2 moths of wrath
  8 cyclopes
  17 manticores
  5 elephants
  5 water nymphs
  7 black mambas
  7 merfolk sirens
  Joseph (D:10)
  10 torpor snails
  3 molten gargoyles (Lair:5)
  An orange demon (Lair:3)
  An apocalypse crab (Spider:1)
  2 gargoyles (D:12)
  A water nymph (shapeshifter) (Lair:5)
  8 cane toads
  3 rime drakes
  An efreet (D:14)
  2 unseen horrors
  5 freezing wraiths
  5 kobold demonologists (D:9)
  11 komodo dragons
  3 spriggan skeletons (D:15)
  5 trolls
  3 meliai (Shoals:1)
  23 merfolk
  4 polar bears
  3 wind drakes
  10 snapping turtles
  7 hornets
  14 dream sheep
  23 tarantellas
  5 water elementals
  35 jumping spiders
  Sigmund (D:5)
  28 culicivoras
  13 slime creatures
  A vampire (D:13)
  9 wyverns
  32 yaks
  A golden eye (shapeshifter) (Lair:2)
  2 steam dragons (Lair:5)
  9 basilisks
  2 hogs (Lair:3)
  6 humans
  Grum (D:8)
  53 redbacks
  Menkaure (D:5)
  9 vampire mosquitoes
  A swamp worm (Shoals:3)
  A warg (Orc:1)
  13 water moccasins
  4 hell hounds (Lair:5)
  3 black bears
  13 orc warriors
  A sky beast (D:8)
  3 ice beasts (D:6)
  4 ogres
  9 wolves
  A tengu (D:5)
  12 centaurs
  A lemure (D:4)
  7 kobold brigands
  2 phantoms
  Blork the orc (D:5)
  3 scorpions
  8 bullfrogs
  4 wights (D:7)
  5 howler monkeys
  3 hounds
  5 lava snakes (Lair:5)
  2 gnoll boudas (D:8)
  14 orc priests
  2 sleepcaps
  A jelly (D:6)
  An iguana (D:7)
  Ijyb (D:4)
  29 orc wizards
  2 adders
  19 gnolls
  4 river rats (D:7)
  A shadow imp (D:6)
  A white imp (D:6)
  An ufetubus (D:5)
  A worm (D:5)
  2 dart slugs (D:4)
  57 orcs
  4 ball pythons
  10 bats
  9 endoplasms
  4 giant cockroaches
  4 goblins
  5 hobgoblins
  2 jackals (D:2)
  12 kobolds
  8 quokkas
  9 frilled lizards
  5 rats
  2 butterflies (Lair:3)
  2 tentacles (Shoals:2)
936 creatures vanquished.

Vanquished Creatures (collateral kills)
  Jorgrun (Orc:1)
  A merfolk javelineer (Shoals:2)
  A death knight (D:12)
  2 death yaks
  Amaemon (Lair:3)
  A pharaoh ant (Spider:4)
  Pikel (D:5)
  A faun (Shoals:1)
  An orc sorcerer (Orc:1)
  2 elephants (Lair:5)
  A cane toad (Lair:5)
  A merfolk (Shoals:2)
  A culicivora (Spider:4)
  A redback (Spider:2)
  A water moccasin (Lair:4)
  2 orc warriors (Orc:1)
  A centaur (D:13)
  2 lemures (D:5)
  An orc wizard (Orc:1)
  2 orcs (Orc:1)
  A goblin (D:1)
26 creatures vanquished.

Vanquished Creatures (others)
  A dancing weapon (D:12)
  A pharaoh ant (Spider:2)
  A culicivora (Spider:2)
  A yak (Lair:4)
  A redback (Spider:2)
  An ogre (D:15)
  A goblin (D:1)
  24 tentacles (Shoals:2)
31 creatures vanquished.

Grand Total: 993 creatures vanquished

Notes
Turn   | Place    | Note
-------+----------+-------------------------------------------
     0 | D:1      | EnegeticOcto the Deep Elf Chaos Knight began the quest for
                  | the Orb.
     0 | D:1      | Reached XP level 1. HP: 13/13 MP: 3/3
    72 | D:1      | XOM: divination: detect creatures
   121 | D:1      | Reached skill level 1 in Stealth
   124 | D:1      | Found a faded altar of an unknown god.
   132 | D:1      | XOM: divination: magic mapping
   141 | D:1      | Got a conspicuous book
   154 | D:1      | Reached skill level 2 in Stealth
   209 | D:1      | Reached XP level 2. HP: 18/18 MP: 4/4
   259 | D:1      | XOM: divination: magic mapping
   332 | D:1      | XOM: divination: magic mapping
   335 | D:1      | XOM: silly message
   468 | D:1      | Reached skill level 3 in Stealth
   863 | D:1      | Reached XP level 3. HP: 22/22 MP: 5/5
  1071 | D:1      | XOM: silly message
  1548 | D:2      | XOM: divination: detect creatures
  1590 | D:2      | Reached skill level 3 in Fighting
  1897 | D:3      | Upgraded the game from 0.31-a0-832-g3a2c1c66ba to
                  | 0.31-a0-835-g2a3a5bc3be
  1929 | D:3      | You fall into a shaft and drop 3 floors!
  1936 | D:6      | Reached skill level 1 in Ranged Weapons
  1978 | D:5      | Entered Level 5 of the Dungeon
  1982 | D:5      | Noticed Sigmund
  1984 | D:6      | XOM: blink monster(s)
  1986 | D:6      | Reached skill level 2 in Ranged Weapons
  1986 | D:6      | Reached XP level 4. HP: 21/28 MP: 6/6
  2066 | D:5      | Noticed a lemure
  2067 | D:5      | Noticed a lemure
  2068 | D:5      | Noticed Pikel
  2070 | D:5      | Noticed a lemure
  2071 | D:5      | Noticed a lemure
  2076 | D:4      | XOM: cleaving
  2179 | D:3      | Found a hide-covered altar of Uskayaw.
  2402 | D:3      | Reached skill level 3 in Ranged Weapons
  2464 | D:3      | Reached XP level 5. HP: 32/32 MP: 7/7
  2492 | D:3      | Reached skill level 4 in Ranged Weapons
  3054 | D:4      | Noticed a phantom
  3054 | D:4      | Found a hazy altar of Hepliaklqana.
  3058 | D:4      | Killed a phantom
  3059 | D:4      | Reached skill level 5 in Ranged Weapons
  3091 | D:4      | Noticed Ijyb
  3091 | D:4      | XOM: summons 2 hostile shadow creatures
  3229 | D:4      | Killed Ijyb
  3259 | D:4      | Reached skill level 6 in Ranged Weapons
  3259 | D:4      | Reached XP level 6. HP: 28/37 MP: 8/8
  3322 | D:4      | XOM: silly message
  3475 | D:4      | Reached skill level 7 in Ranged Weapons
  3656 | D:4      | XOM: noise
  3754 | D:4      | Found a shimmering altar of Xom.
  3778 | D:4      | Reached skill level 8 in Ranged Weapons
  3866 | D:4      | Reached XP level 7. HP: 17/41 MP: 9/9
  4018 | D:4      | Found a shimmering blue altar of Sif Muna.
  4025 | D:4      | Found a glowing golden altar of the Shining One.
  4030 | D:4      | Found an opulent altar of Gozag.
  4032 | D:4      | XOM: summons 2 hostile shadow creatures
  4135 | D:5      | Noticed Edmund
  4135 | D:5      | Noticed Blork the orc
  4188 | D:5      | XOM: butterfly on damage
  4190 | D:5      | Killed Sigmund
  4191 | D:5      | Reached skill level 9 in Ranged Weapons
  4319 | D:5      | XOM: polymorph water moccasin -> black bear
  4323 | D:5      | a black bear changed into a basilisk
  4323 | D:5      | Noticed a basilisk
  4323 | D:5      | XOM: polymorph black bear -> basilisk
  4343 | D:5      | Killed a basilisk
  4344 | D:5      | Reached skill level 10 in Ranged Weapons
  4613 | D:5      | XOM: give mutations
  4613 | D:5      | Gained mutation: Your muscles are strong. (Str +4, Int/Dex
                  | -1) [Xom's mischief]
  4613 | D:5      | Gained mutation: You are dopey. (Int -2) [Xom's mischief]
  4613 | D:5      | Gained mutation: You expend magic power (3 MP) to
                  | strengthen your wands. [Xom's mischief]
  4641 | D:5      | XOM is BORED!
  4641 | D:5      | XOM: give mutations
  4641 | D:5      | Gained mutation: You occasionally shout uncontrollably at
                  | your foes. [Xom's mischief]
  4641 | D:5      | Gained mutation: You are frail. (-10% HP) [Xom's mischief]
  4641 | D:5      | Lost mutation: You are frail. (-10% HP) [Xom's mischief]
  4641 | D:5      | Gained mutation: You do not regenerate when monsters are
                  | visible. [Xom's mischief]
  4694 | D:5      | Found a staircase to the Ecumenical Temple.
  4694 | D:5      | Noticed Menkaure
  4697 | D:5      | Killed Menkaure
  4698 | D:5      | Reached skill level 11 in Ranged Weapons
  4698 | D:5      | Reached XP level 8. HP: 46/46 MP: 0/10
  4709 | D:5      | XOM: give mutations
  4709 | D:5      | Gained mutation: You are robust. (+10% HP) [Xom's grace]
  4709 | D:5      | Gained mutation: You have supernaturally acute eyesight.
                  | (SInv) [Xom's grace]
  4711 | D:5      | Found a runed translucent door.
  4711 | D:5      | Noticed Crazy Yiuf
  4711 | D:5      | XOM: 1-stop teleportation journey
  4859 | D:5      | Found a burning altar of Makhleb.
  4859 | D:5      | Noticed a green death
  4901 | D:5      | XOM: give mutations
  4901 | D:5      | Gained mutation: You are partially covered in iridescent
                  | scales. (AC +2) [Xom's grace]
  4901 | D:5      | Gained mutation: Your flesh is heat resistant. (rF+) [Xom's
                  | grace]
  4901 | D:5      | Gained mutation: You possess an exceptional clarity of
                  | mind. [Xom's grace]
  4952 | D:5      | XOM: summons 7 friendly demons
  4966 | D:5      | Killed Pikel
  4967 | D:5      | Reached skill level 12 in Ranged Weapons
  5043 | D:5      | Reached skill level 13 in Ranged Weapons
  5296 | D:5      | Found a sacrificial altar of Ru.
  5312 | D:5      | Killed Blork the orc
  5314 | D:5      | XOM: divination: magic mapping
  5315 | D:5      | Edmund changed into Edmund the tengu
  5315 | D:5      | Noticed Edmund
  5315 | D:5      | XOM: polymorph Edmund -> Edmund the tengu
  5321 | D:5      | Killed Edmund the tengu
  5322 | D:5      | Reached skill level 3 in Dodging
  5322 | D:5      | Reached skill level 1 in Evocations
  5401 | D:5      | XOM: summons 5 hostile demons
  5519 | D:5      | XOM: silly message
  5841 | D:6      | Learned a level 1 spell: Apportation
  5843 | D:6      | Learned a level 1 spell: Summon Small Mammal
  6004 | D:6      | Reached XP level 9. HP: 57/57 MP: 11/11
  6022 | D:6      | XOM: summons friendly ufetubus
  6026 | D:6      | Reached skill level 2 in Evocations
  6127 | D:6      | Reached skill level 4 in Fighting
  6138 | D:6      | Reached skill level 4 in Dodging
  6174 | D:6      | XOM: 1-stop teleportation journey
  6394 | D:6      | Reached skill level 3 in Evocations
  6526 | D:6      | XOM: draining
  7110 | D:7      | Reached skill level 14 in Ranged Weapons
  7122 | D:7      | Reached skill level 5 in Dodging
  7127 | D:7      | Reached skill level 4 in Evocations
  7234 | D:7      | XOM: god gift: scroll of teleportation
  7332 | D:7      | XOM: give mutation
  7332 | D:7      | Gained mutation: You are mostly covered in iridescent
                  | scales. (AC +4) [Xom's grace]
  7425 | D:7      | XOM: summons 5 hostile demons
  7707 | D:7      | XOM is BORED!
  7707 | D:7      | XOM: draining
  7748 | D:8      | Reached skill level 5 in Fighting
  7830 | D:8      | Reached skill level 6 in Dodging
  7985 | D:8      | Noticed Grum
  7987 | D:8      | XOM: divination: detect creatures
  7988 | D:8      | XOM: cleaving
  8002 | D:8      | Reached XP level 10. HP: 62/64 MP: 8/12
  8003 | D:8      | Killed Grum
  8076 | D:8      | XOM: 6-stop teleportation journey
  8131 | D:8      | XOM: silly message
  8785 | D:9      | Noticed a rust devil
  8787 | D:9      | Noticed an orange demon
  8794 | D:9      | Reached skill level 7 in Dodging
  8797 | D:9      | Reached skill level 6 in Fighting
  8797 | D:9      | Reached skill level 15 in Ranged Weapons
  8951 | D:9      | Noticed a cyclops
  8988 | D:9      | Killed a cyclops
  9071 | D:9      | Noticed a two-headed ogre
  9090 | D:9      | XOM: snakes to sticks
  9093 | D:9      | Killed a two-headed ogre
  9213 | D:9      | XOM: scenery: summon butterflies
  9391 | D:9      | XOM: swap monsters
  9674 | D:9      | Reached skill level 7 in Fighting
  9823 | D:9      | XOM: give mutations
  9823 | D:9      | Lost mutation: You are mostly covered in iridescent scales.
                  | (AC +4) [Xom's mischief]
  9823 | D:9      | Lost mutation: You are robust. (+10% HP) [Xom's mischief]
  9841 | D:10     | Entered Level 10 of the Dungeon
  9843 | D:10     | Found a blossoming altar of Fedhas.
  9858 | D:10     | Identified the +4 dagger of Maphupt {flame, rF+ rC+ Str-4
                  | Dex+4}
  9861 | D:10     | Noticed Joseph
  9862 | D:10     | XOM: enchant monster (bad)
 10132 | D:10     | XOM: blink monster(s)
 10246 | D:9      | Reached skill level 16 in Ranged Weapons
 10267 | D:9      | XOM: silly message
 10327 | D:9      | XOM: draining
 10470 | D:10     | Killed Joseph
 10471 | D:10     | Reached XP level 11. HP: 38/67 MP: 13/13
 10568 | D:10     | XOM is BORED!
 10568 | D:10     | XOM: give mutations
 10568 | D:10     | Gained mutation: Your magical capacity is low. (-10% MP)
                  | [Xom's mischief]
 10568 | D:10     | Lost mutation: You are dopey. (Int -2) [Xom's mischief]
 10568 | D:10     | Gained mutation: You are clumsy. (Dex -2) [Xom's mischief]
 10568 | D:10     | Lost mutation: You possess an exceptional clarity of mind.
                  | [Xom's mischief]
 10699 | D:10     | Found a staircase to the Lair.
 10928 | D:10     | XOM: 6-stop teleportation journey
 10987 | D:10     | Found an iron altar of Okawaru.
 11114 | D:11     | XOM: stealth player
 11166 | Lair:1   | Entered Level 1 of the Lair of Beasts
 11297 | Lair:1   | Reached skill level 1 in Armour
 11676 | Lair:1   | Reached skill level 4 in Stealth
 11729 | Lair:1   | XOM: draining
 11756 | Lair:1   | Noticed Nergalle
 12021 | Lair:1   | XOM: silly message
 12046 | Lair:1   | XOM: stat loss: -1 Int (16/17)
 12167 | Lair:1   | XOM: summons 6 hostile demons
 12168 | Lair:1   | Noticed a sixfirhy
 12410 | Lair:1   | Killed Nergalle
 12411 | Lair:1   | Reached skill level 2 in Armour
 12482 | Lair:1   | XOM: give mutations
 12482 | Lair:1   | Lost mutation: Your flesh is heat resistant. (rF+) [Xom's
                  | mischief]
 12482 | Lair:1   | Lost mutation: You expend magic power (3 MP) to strengthen
                  | your wands. [Xom's mischief]
 12482 | Lair:1   | Gained mutation: You are mostly covered in iridescent
                  | scales. (AC +4) [Xom's mischief]
 12482 | Lair:1   | Lost mutation: You are clumsy. (Dex -2) [Xom's mischief]
 12836 | Lair:1   | XOM: stat loss: -1 Dex (16/17)
 12893 | Lair:2   | Noticed an eight-headed hydra
 12900 | Lair:2   | Killed an eight-headed hydra
 12901 | Lair:2   | Reached skill level 8 in Fighting
 12901 | Lair:2   | Reached skill level 5 in Evocations
 12980 | Lair:2   | XOM: polymorph bullfrog -> shapeshifter
 12983 | Lair:2   | XOM: polymorph cane toad -> shapeshifter
 13001 | Lair:2   | Found a runed translucent gate.
 13002 | Lair:2   | Found a runed translucent gate.
 13022 | Lair:2   | XOM: confuse monster(s)
 13038 | Lair:2   | Reached skill level 5 in Stealth
 13052 | Lair:2   | Reached skill level 8 in Dodging
 13065 | Lair:2   | Found a staircase to the Shoals.
 13089 | Lair:2   | XOM: scenery: summon butterflies
 13116 | Lair:2   | Noticed a nine-headed hydra
 13117 | Lair:2   | Found a runed translucent gate.
 13119 | Lair:2   | Noticed Mindmass's ghost (journeyman HuCj)
 13405 | Lair:2   | XOM: noise
 13483 | Lair:2   | Found a hole to the Spider Nest.
 13485 | Lair:2   | Reached skill level 17 in Ranged Weapons
 13485 | Lair:2   | Reached skill level 3 in Armour
 14167 | Lair:3   | Noticed Amaemon
 14176 | Lair:3   | XOM: summons friendly iron imp
 14178 | Lair:3   | XOM: noise
 14181 | Lair:3   | Killed Amaemon
 14182 | Lair:3   | Reached skill level 6 in Stealth
 14187 | Lair:3   | Reached XP level 12. HP: 75/75 MP: 12/12
 14189 | Lair:3   | Reached skill level 6 in Evocations
 14571 | Lair:3   | Found a dark tunnel.
 14575 | Lair:3   | Noticed Sonja
 14581 | Lair:3   | Killed Sonja
 14582 | Lair:3   | Reached skill level 9 in Dodging
 14748 | Lair:3   | Noticed Kirke
 14749 | Lair:3   | XOM: silly message
 14750 | Lair:3   | Noticed a four-headed hydra
 14759 | Lair:3   | XOM: noise
 14761 | Lair:3   | Reached skill level 4 in Armour
 14761 | Lair:3   | Killed a four-headed hydra
 14762 | Lair:3   | Killed Kirke
 14930 | Lair:3   | Identified the +11 falchion of Contention {heavy, Contam
                  | rPois rCorr SInv}
 14985 | Lair:3   | XOM: scenery: summon butterflies
 15054 | Lair:4   | XOM: enchant monster (good)
 15057 | Lair:4   | XOM: scenery: create altars
 15059 | Lair:4   | Reached skill level 7 in Evocations
 15064 | Lair:4   | XOM: divine lightning
 15071 | Lair:3   | XOM: give mutation
 15071 | Lair:3   | Lost mutation: You are mostly covered in iridescent scales.
                  | (AC +4) [Xom's mischief]
 15213 | Lair:4   | Reached skill level 9 in Fighting
 15231 | Lair:4   | Noticed a death yak
 15273 | Lair:4   | You fall into a shaft and drop 1 floor!
 15273 | Lair:5   | Entered Level 5 of the Lair of Beasts
 15365 | Lair:5   | XOM: 1-stop teleportation journey
 15389 | Lair:5   | Reached skill level 10 in Dodging
 15392 | Lair:5   | Reached skill level 5 in Armour
 15522 | Lair:5   | XOM: 1-stop teleportation journey
 15569 | Lair:5   | Reached skill level 18 in Ranged Weapons
 15605 | Lair:5   | Noticed a death yak
 15605 | Lair:5   | Noticed a death yak
 15605 | Lair:5   | XOM: cast spell 'Summon Ice Beast'
 15605 | Lair:5   | Noticed a death yak
 15625 | Lair:5   | Noticed a death yak
 15629 | Lair:5   | Killed a death yak
 15630 | Lair:5   | Reached skill level 8 in Evocations
 15658 | Lair:5   | XOM: divination: detect items
 15669 | Lair:5   | XOM: enchant monster (good)
 15683 | Lair:5   | XOM: noise
 15684 | Lair:5   | Reached XP level 13. HP: 41/80 MP: 13/13
 15835 | Lair:5   | Reached skill level 9 in Evocations
 15894 | Lair:5   | Reached skill level 10 in Fighting
 16029 | Lair:5   | XOM: confuse monster(s)
 16099 | Lair:5   | Identified the +6 dagger of Spring {holy, Will+ rCorr Int+4
                  | SInv}
 16186 | Lair:5   | XOM: enchant monster (bad)
 16186 | Lair:5   | XOM: smoke on damage
 16220 | Lair:5   | XOM: polymorph death yak -> glowing shapeshifter
 16264 | Lair:4   | XOM: scenery: 2 doors open
 16335 | Lair:2   | XOM: noise
 16398 | D:11     | XOM: 3-stop teleportation journey
 16787 | D:11     | Learned a level 4 spell: Cause Fear
 16912 | D:11     | Reached skill level 11 in Fighting
 16912 | D:11     | Reached skill level 1 in Hexes
 16922 | D:11     | XOM: potion effect (haste)
 16924 | D:11     | XOM: potion effect (brilliance)
 17159 | D:12     | XOM: divination: magic mapping
 17160 | D:12     | XOM: destruction
 17164 | D:12     | Found a staircase to the Orcish Mines.
 17181 | D:12     | Reached skill level 2 in Hexes
 17212 | D:12     | Noticed Frances
 17226 | D:12     | Found a gate leading to a gauntlet.
 17234 | Gauntlet | Entered a Gauntlet
 17234 | Gauntlet | Found a transporter.
 17234 | Gauntlet | Found a transporter.
 17246 | Gauntlet | Found a transporter.
 17264 | Gauntlet | Found a transporter.
 17264 | Gauntlet | Found a transporter.
 17264 | Gauntlet | Found a transporter.
 17266 | Gauntlet | Found a transporter.
 17266 | Gauntlet | Found a transporter.
 17276 | Gauntlet | Noticed a green death
 17279 | Gauntlet | Found a transporter.
 17295 | Gauntlet | Found a transporter.
 17305 | Gauntlet | Found a transporter.
 17310 | Gauntlet | Found a transporter.
 17344 | Gauntlet | Found a transporter.
 17356 | Gauntlet | Found a transporter.
 17699 | D:12     | XOM: noise
 17723 | D:12     | Reached skill level 3 in Hexes
 17874 | D:12     | XOM: god gift: 29 gold pieces
 18278 | D:12     | XOM: blink monster(s)
 18494 | D:12     | XOM: give mutations
 18494 | D:12     | Lost mutation: You occasionally shout uncontrollably at
                  | your foes. [Xom's mischief]
 18494 | D:12     | Gained mutation: You are strong-willed. (Will+) [Xom's
                  | mischief]
 18494 | D:12     | Gained mutation: Your muscles are very strong. (Str +8,
                  | Int/Dex -2) [Xom's mischief]
 19199 | D:13     | XOM is BORED!
 19199 | D:13     | XOM: polymorph boulder beetle -> catoblepas
 19259 | D:13     | Reached skill level 11 in Dodging
 19361 | D:13     | Reached skill level 4 in Hexes
 19491 | D:13     | XOM: torment (41/84 hp)
 20105 | Orc:1    | Entered Level 1 of the Orcish Mines
 20105 | Orc:1    | Found a radiant altar of Vehumet.
 20112 | Orc:1    | Noticed Jorgrun
 20192 | D:14     | Reached XP level 14. HP: 90/90 MP: 14/14
 20323 | D:14     | XOM: potion effect (brilliance)
 20337 | D:14     | Reached skill level 5 in Hexes
 20511 | D:14     | XOM: 1-stop teleportation journey
 20628 | D:14     | Noticed an ironbound thunderhulk
 20726 | D:14     | XOM: 2-stop teleportation journey
 20727 | D:14     | XOM: enchant monster (bad)
 20752 | D:14     | Killed an ironbound thunderhulk
 20764 | D:14     | XOM: 2-stop teleportation journey
 20835 | D:14     | Found a large runed translucent door.
 20836 | D:14     | Found a large runed translucent door.
 20895 | D:14     | XOM: butterfly on damage
 20895 | D:14     | XOM: smoke on damage
 20938 | D:14     | Reached skill level 19 in Ranged Weapons
 21081 | D:14     | Found a gate to the Vaults.
 21152 | D:14     | Reached skill level 6 in Hexes
 21209 | D:14     | XOM: potion effect (curing)
 21256 | D:14     | XOM: silly message
 21480 | D:15     | Entered Level 15 of the Dungeon
 21502 | D:15     | Found a runed translucent gate.
 21502 | D:15     | Found a runed translucent gate.
 21502 | D:15     | Found a runed translucent gate.
 21543 | D:15     | Noticed Pymiarph's ghost (journeyman DrMo)
 21559 | D:15     | XOM: scenery: 2 doors open
 21743 | Lair:4   | Reached skill level 12 in Dodging
 21764 | Lair:4   | XOM: cleaving
 21831 | Lair:3   | XOM: god gift: 2 stones
 21845 | Lair:4   | Found a staircase to the Slime Pits.
 21846 | Lair:4   | Found a viscous altar of Jiyva.
 21919 | Lair:4   | XOM: stat loss: -1 Dex (21/22)
 21927 | Lair:4   | XOM: enchant monster (bad)
 21938 | Lair:4   | Reached skill level 7 in Hexes
 21940 | Lair:4   | XOM: swap monsters
 21995 | Lair:4   | XOM: 3-stop teleportation journey
 22002 | Lair:4   | XOM: give mutations
 22002 | Lair:4   | Gained mutation: You expend magic power (3 MP) to
                  | strengthen your wands. [Xom's mischief]
 22002 | Lair:4   | Gained mutation: You sometimes lose your temper in combat.
                  | [Xom's mischief]
 22002 | Lair:4   | Gained mutation: You are clumsy. (Dex -2) [Xom's mischief]
 22015 | Lair:4   | XOM: summons friendly ufetubus
 22020 | Lair:4   | XOM: enchant monster (good)
 22470 | Lair:4   | XOM: give mutations
 22470 | Lair:4   | Lost mutation: You expend magic power (3 MP) to strengthen
                  | your wands. [Xom's mischief]
 22470 | Lair:4   | Lost mutation: You sometimes lose your temper in combat.
                  | [Xom's mischief]
 22470 | Lair:4   | Gained mutation: You are dopey. (Int -2) [Xom's mischief]
 22470 | Lair:4   | Lost mutation: You are dopey. (Int -2) [Xom's mischief]
 22515 | Lair:5   | Identified the +1 chain mail of the Planets {rF+ Str+3
                  | Int+2}
 22655 | Lair:5   | Reached skill level 12 in Fighting
 22720 | Lair:5   | Reached skill level 8 in Hexes
 23026 | Lair:5   | XOM: 5-stop teleportation journey
 23155 | D:10     | XOM is BORED!
 23155 | D:10     | XOM: give mutations
 23155 | D:10     | Gained mutation: You are vulnerable to cold. (rC-) [Xom's
                  | mischief]
 23155 | D:10     | Gained mutation: You are mostly covered in iridescent
                  | scales. (AC +4) [Xom's mischief]
 23318 | D:12     | Frances changed into Frances the white draconian
 23318 | D:12     | Noticed Frances
 23319 | D:12     | XOM: scenery: 1 doors close
 23321 | D:12     | XOM: summons friendly ufetubus
 23666 | D:12     | XOM: fog
 23669 | D:12     | XOM: summons 12 friendly demons
 23986 | D:12     | Frances the white draconian changed into Frances the storm
                  | dragon
 23986 | D:12     | Noticed Frances
 23986 | D:12     | XOM: polymorph Frances the white draconian -> Frances the
                  | storm dragon
 23987 | D:12     | XOM: enchant monster (bad)
 24044 | D:12     | XOM: silly message
 24051 | D:12     | XOM: divination: detect items
 24064 | Orc:1    | Killed Jorgrun
 24170 | Orc:1    | XOM: silly message
 24539 | Orc:2    | Entered Level 2 of the Orcish Mines
 24539 | Orc:2    | Found a staircase to the Elven Halls.
 24574 | Orc:2    | XOM: god gift: 31 gold pieces
 24751 | Orc:2    | Reached skill level 13 in Dodging
 24790 | Orc:2    | XOM: god gift: clear potion {god gift}
 24877 | Orc:2    | XOM: fog
 24896 | Orc:2    | Reached skill level 9 in Hexes
 24907 | Orc:2    | Reached XP level 15. HP: 97/97 MP: 15/15
 24916 | Orc:2    | Reached skill level 20 in Ranged Weapons
 25086 | Orc:2    | XOM: god gift: wand of polymorph (6)
 25130 | Orc:2    | XOM: give mutations
 25130 | Orc:2    | Gained mutation: You expend magic power (3 MP) to
                  | strengthen your wands. [Xom's grace]
 25130 | Orc:2    | Gained mutation: Your system is resistant to poisons.
                  | (rPois) [Xom's grace]
 25130 | Orc:2    | Gained mutation: You are completely covered in iridescent
                  | scales. (AC +6) [Xom's grace]
 25136 | Orc:2    | Found Dumm's Antique Weapon Shoppe.
 25136 | Orc:2    | Found Inkol's Antique Armour Shoppe.
 25137 | Orc:2    | Found Vastreb's Armour Boutique.
 25137 | Orc:2    | Found Qeuvops's Weapon Boutique.
 25167 | Orc:2    | Bought the +3 pair of mountain boots {steadfast, rC+} for
                  | 536 gold pieces
 25167 | Orc:2    | Found the +3 pair of mountain boots {steadfast, rC+}
 25296 | Orc:2    | XOM: scenery: summon butterflies
 25329 | Orc:2    | XOM: scenery: summon butterflies
 25673 | Shoals:1 | Entered Level 1 of the Shoals
 25757 | Shoals:1 | Found a transporter.
 25757 | Shoals:1 | Found a transporter.
 25760 | Shoals:1 | Noticed Viqonant's ghost (journeyman SpHu)
 25826 | Shoals:1 | XOM: divination: detect items
 26080 | Shoals:1 | Found a hide-covered altar of Uskayaw.
 26089 | Shoals:1 | XOM: confuse monster(s)
 26100 | Shoals:1 | Reached skill level 10 in Hexes
 26393 | Shoals:1 | XOM: cloud trail
 26541 | Shoals:1 | Noticed a kraken
 26622 | Shoals:2 | Found a runed translucent gate.
 26623 | Shoals:2 | Found a runed translucent gate.
 26623 | Shoals:2 | Noticed a frost giant
 26624 | Shoals:2 | Found a runed translucent gate.
 26647 | Shoals:2 | XOM: polymorph faun -> glowing shapeshifter
 26782 | Shoals:2 | Noticed Donald
 26788 | Shoals:2 | Killed Donald
 26791 | Shoals:2 | Reached skill level 14 in Dodging
 26792 | Shoals:2 | Noticed Ilsuiw
 26818 | Shoals:2 | Killed Ilsuiw
 27016 | Shoals:2 | Lost mutation: You are completely covered in iridescent
                  | scales. (AC +6) [potion of mutation]
 27016 | Shoals:2 | Lost mutation: Your system is resistant to poisons. (rPois)
                  | [potion of mutation]
 27138 | Shoals:2 | XOM: enchant monster (bad)
 27342 | Shoals:2 | XOM: polymorph merfolk impaler -> bunyip
 27350 | Shoals:2 | Reached skill level 11 in Hexes
 27376 | Shoals:2 | Reached skill level 13 in Fighting
 27396 | Shoals:2 | XOM: summons 8 hostile demons
 27404 | Shoals:1 | XOM: god gift: 26 gold pieces
 27577 | Shoals:2 | XOM: summons friendly ufetubus
 27719 | Shoals:2 | Noticed a kraken
 27755 | Shoals:2 | XOM: summons friendly ufetubus
 27762 | Shoals:2 | XOM: smoke on damage
 27920 | Shoals:2 | Killed a kraken
 28043 | Shoals:2 | XOM: god gift: chain mail {god gift}
 28121 | Shoals:2 | Identified the +0 cloak of the Blind Marksman {Int+2}
 28171 | Shoals:3 | Noticed Mara
 28471 | Shoals:3 | XOM: god gift: red potion {god gift}
 28481 | Shoals:3 | XOM: destruction
 28485 | Shoals:3 | Noticed Mlioglotl
 28487 | Shoals:3 | XOM: confuse monster(s)
 28521 | Shoals:3 | Killed Mlioglotl
 28536 | Shoals:3 | XOM: polymorph dream sheep -> swamp worm
 28551 | Shoals:3 | Found Dahasill's Magic Scroll Emporium.
 28566 | Shoals:3 | Bought 3 scrolls of teleportation for 171 gold pieces
 28566 | Shoals:3 | Bought 3 scrolls of butterflies for 228 gold pieces
 28566 | Shoals:3 | Bought a scroll of blinking for 142 gold pieces
 28566 | Shoals:3 | Bought a scroll of enchant weapon for 142 gold pieces
 28566 | Shoals:3 | Bought a scroll of enchant armour for 142 gold pieces
 28566 | Shoals:3 | Bought a scroll of enchant weapon for 142 gold pieces
 28566 | Shoals:3 | Bought a scroll of identify for 38 gold pieces
 28566 | Shoals:3 | Bought a scroll of identify for 38 gold pieces
 28566 | Shoals:3 | Bought a scroll of identify for 38 gold pieces
 28639 | Shoals:3 | XOM: silly message
 28687 | Shoals:3 | Reached XP level 16. HP: 104/104 MP: 16/16
 28734 | Shoals:3 | Reached skill level 12 in Hexes
 28763 | Shoals:3 | XOM: polymorph water nymph -> torpor snail
 28959 | Shoals:3 | Reached skill level 15 in Dodging
 29472 | Shoals:3 | Killed Mara
 29732 | Lair:2   | XOM: god gift: 58 gold pieces
 30064 | D:15     | Reached skill level 1 in Spellcasting
 30075 | D:15     | XOM: enchant monster (good)
 30083 | D:15     | Reached skill level 2 in Spellcasting
 30085 | D:15     | Reached skill level 13 in Hexes
 30088 | D:15     | XOM: summons friendly shadow imp
 30132 | D:15     | XOM: fog
 30154 | D:15     | Reached skill level 3 in Spellcasting
 30187 | D:15     | Found a staircase to the Depths.
 30187 | D:15     | XOM: 6-stop teleportation journey
 30374 | D:15     | XOM: fog
 30429 | D:15     | XOM: fog
 30557 | D:15     | Reached skill level 4 in Spellcasting
 30787 | D:14     | XOM: noise
 31058 | Lair:5   | XOM: chaos cloud
 31138 | Lair:5   | Reached skill level 16 in Dodging
 31209 | Lair:5   | Reached skill level 14 in Fighting
 31209 | Lair:5   | Reached skill level 5 in Spellcasting
 31212 | Lair:5   | Found a large runed translucent door.
 31212 | Lair:5   | Found a large runed translucent door.
 31233 | Lair:5   | XOM: confusion (+ monsters)
 31614 | Lair:3   | XOM is BORED!
 31614 | Lair:3   | XOM: give mutations
 31614 | Lair:3   | Lost mutation: Your muscles are very strong. (Str +8,
                  | Int/Dex -2) [Xom's mischief]
 31614 | Lair:3   | Lost mutation: You do not regenerate when monsters are
                  | visible. [Xom's mischief]
 31621 | Lair:3   | XOM: silly message
 31668 | Spider:1 | Entered Level 1 of the Spider Nest
 31765 | Spider:1 | XOM: polymorph demonic crawler -> apocalypse crab
 31770 | Spider:1 | XOM: cast spell 'Summon Mana Viper'
 31779 | Spider:1 | Reached skill level 6 in Spellcasting
 31880 | Spider:1 | XOM: cloud trail
 32051 | Spider:1 | XOM: god gift: runed flail {god gift}
 32115 | Spider:1 | XOM: swap monsters
 32347 | Spider:1 | XOM: blink monster(s)
 32394 | Spider:1 | Reached skill level 7 in Spellcasting
 32616 | Spider:2 | Reached XP level 17. HP: 112/112 MP: 22/27
 32841 | Spider:2 | XOM: 2-stop teleportation journey
 32849 | Spider:2 | XOM: summons 9 hostile demons
 32851 | Spider:2 | Reached skill level 8 in Spellcasting
 32855 | Spider:2 | XOM: divine lightning
 32979 | Spider:2 | Reached skill level 10 in Evocations
 33082 | Spider:2 | Reached skill level 17 in Dodging
 33925 | Spider:2 | Found a runed translucent gate.
 33925 | Spider:2 | Found a runed translucent gate.
 33925 | Spider:2 | Found a runed translucent gate.
 33928 | Spider:2 | Noticed Waskele's ghost (adept GrBe)
 33928 | Spider:2 | Noticed Conn's ghost (adept OpFE)
 34176 | Spider:2 | XOM: confuse monster(s)
 34536 | Spider:3 | XOM: fog
 34691 | Spider:3 | Reached skill level 11 in Evocations
 34733 | Spider:3 | XOM: give mutations
 34733 | Spider:3 | Lost mutation: Your magical capacity is low. (-10% MP)
                  | [Xom's mischief]
 34733 | Spider:3 | Lost mutation: You are mostly covered in iridescent scales.
                  | (AC +4) [Xom's mischief]
 34733 | Spider:3 | Lost mutation: You have supernaturally acute eyesight.
                  | (SInv) [Xom's mischief]
 34971 | Spider:3 | Reached skill level 15 in Fighting
 35136 | Spider:3 | Identified the staff "Ikojy" {Str+2 Earth}
 35189 | Spider:4 | Entered Level 4 of the Spider Nest
 35292 | Spider:4 | XOM: scenery: summon butterflies
 35516 | Spider:4 | XOM: destruction
 35530 | Spider:4 | XOM: smoke on damage
 35733 | Spider:4 | Reached skill level 18 in Dodging
 35837 | Spider:4 | XOM: silly message
 35904 | Spider:4 | XOM: god gift: scroll of enchant weapon
 36051 | Spider:4 | XOM: divination: detect items
 36067 | Spider:4 | XOM: 1-stop teleportation journey
 36175 | Spider:4 | XOM: summons friendly shadow imp
 36375 | Spider:4 | Reached skill level 12 in Evocations
 36569 | Spider:4 | Reached XP level 18. HP: 119/119 MP: 32/32
 36667 | Spider:4 | XOM: destruction
 36720 | Spider:4 | XOM: divination: detect items
 36767 | Spider:4 | XOM: divination: detect creatures
 36805 | Spider:4 | XOM: cloud trail
 36972 | Spider:4 | XOM: divination: detect creatures
 37012 | Spider:4 | XOM: enchant monster (good)
 37126 | Spider:4 | Got a gossamer rune of Zot
 37429 | Shoals:4 | Entered Level 4 of the Shoals
 37995 | Shoals:4 | XOM: potion effect (invisibility)
 38012 | Shoals:3 | XOM: god gift: potion of lignification
 38181 | Shoals:4 | Paralysed by a formless jellyfish for 1 turns
 38194 | Shoals:3 | Slain by a formless jellyfish

Illustrated notes

Levels and vault maps discovered:
D:1:      dpeg_arrival_chambers_temple_mockup, layout_basic,
          shapermc_ecumenical_altar_rom_forum, minmay_lizard_pond
D:2:      layout_loops_ring
D:3:      layout_basic, mainiacjoe_overflow_alcove_4,
          nicolae_twisty_statue_hallways
D:4:      layout_rooms, kennysheep_mini, nicolae_hepliaklqana_hazy_memory,
          minitemple, uniq_ijyb
D:5:      layout_layer_cave, nicolae_ru_sacrificial_ziggurat,
          makhleb_altar_promises_db, minmay_temple_entry_offerings,
          portal_sewer_entry_f, uniq_edmund, uniq_sigmund, uniq_blork_the_orc,
          uniq_crazy_yiuf_cottage, uniq_menkaure, uniq_pikel
D:6:      layout_gridville
D:7:      wad_woods_tower, layout_basic
D:8:      layout_loops_ring, minmay_misc_feat_five, dreamdust_wishing_well,
          uniq_grum
D:9:      layout_basic, serial_glass, glass_columns_c, glass_columns_a,
          glass_columns_a, glass_columns_b, glass_columns_a, glass_columns_a
D:10:     layout_big_octagon, fedhas_altar_1, mainiacjoe_overflow_alcove_1,
          dpeg_oklobed_lair, uniq_joseph
D:11:     layout_roguey, minmay_lindwurm_lava
D:12:     layout_roguey, david_orc_2, gauntlet_entry_generic,
          minmay_misc_feat_tiny, uniq_frances
D:13:     layout_stronghold, grunt_decor_cap
D:14:     doesnt_quadruple_sword, layout_loops_ring, hellmonk_vaults_keyhole,
          minmay_tree_intersection, grunt_ministairs_8,
          dreamdust_deal_with_the_devil
D:15:     gammafunk_depths_entry_grave, layout_gridville, gammafunk_ghost_icy,
          serial_park_tiny_pond
Lair:1:   layout_regular_city, grunt_megastairs_2, uniq_nergalle
Lair:2:   layout_regular_city, minmay_shoals_entry_centaurs,
          hellmonk_spider_entry_life_and_decay, gammafunk_ghost_hydra_chop,
          beast_lair_carwin_3
Lair:3:   layout_chaotic_city, enter_volcano_1, nicolae_lair_lindhole,
          lemuel_fruit_fields, infiniplex_staircase_pool, uniq_sonja,
          uniq_amaemon, uniq_kirke
Lair:4:   layout_small_grid, slime_entry_1, portal_ice_cave_demonic_guard,
          grunt_megastairs_1, lemuel_fruit_tree
Lair:5:   cheibrodos_lair_end_hotspot, layout_loops_ring,
          chequers_serial_rivers_large_a
Shoals:1: layout_shoals, ebering_ghost_davey_jones, regret_index_shoals_crete
Shoals:2: layout_shoals, nicolae_shoals_beach_cooler, uniq_donald, uniq_ilsuiw
Shoals:3: layout_shoals, serial_shops, shop, uniq_mara, uniq_mlioglotl
Shoals:4: shoals_end_simple, layout_shoals, uniq_polyphemus
Spider:1: layout_spider_delve
Spider:2: layout_spider_delve, gammafunk_ghost_cemetery
Spider:3: layout_spider_delve
Spider:4: spider_rune_water
Orc:1:    layout_caves, basic_altar, uniq_jorgrun
Orc:2:    st_orc_elflike, layout_caves

Skill      XL: |  1  2  3  4  5  6  7  8  9 10 11 12 13 14 15 16 17 |
---------------+----------------------------------------------------+-----
Stealth        | 2 3 6 |  6.0
Fighting       | 3 5 7 8 9 11 12 13 14 15 | 15.7
Ranged Weapons | 2 3 6 8 11 13 14 16 17 18 19 20 | 20.9
Dodging        | 3 6 7 8 10 11 13 14 16 18 | 18.8
Evocations     | 1 4 5 8 9 12 | 12.0
Armour         | 3 5 |  5.0
Hexes          | 4 9 11 13 | 13.0
Spellcasting   | 7 8 |  8.0
Short Blades   | |  3.0

Action                     |  1- 3 |  4- 6 |  7- 9 | 10-12 | 13-15 | 16-18 || total
---------------------------+-------+-------+-------+-------+-------+-------++-------
  Melee: Short sword       |    31 |       |       |       |       |       ||    31
         Spear             |   109 |       |       |       |       |       ||   109
         Punch             |     1 |       |       |       |       |       ||     1
   Fire: Arbalest          |    13 |   124 |   312 |   589 |   283 |       ||  1321
         Orcbow            |       |       |       |       |   723 |       ||   723
         Longbow           |       |       |       |       |   358 |  1169 ||  1527
  Throw: Stone             |     8 |       |       |       |       |       ||     8
         Dart              |       |       |       |     1 |    12 |       ||    13
   Cast: Cause Fear        |       |       |       |       |     3 |    12 ||    15
  Evoke: Wand              |       |     3 |     9 |    10 |    16 |     8 ||    46
         Sack of spiders   |       |       |       |     2 |     4 |     3 ||     9
    Use: Scroll            |     6 |     5 |     1 |    15 |    27 |    17 ||    71
         Potion            |       |     2 |     1 |     2 |    10 |     4 ||    19
   Stab: Sleeping          |     4 |       |       |       |       |       ||     4
 Armour: Leather armour    |    61 |    34 |   118 |   177 |       |       ||   390
         Ring mail         |       |       |       |     9 |   278 |   342 ||   629
  Dodge: Dodged            |    85 |    34 |   132 |   234 |   298 |   511 ||  1294

Table legend: (Time is in decaauts)
 A = Elapsed time spent in this place.
 B = Non-inter-level travel time spent in this place.
 C = Inter-level travel time spent in this place.
 D = Time resting spent in this place.
 E = Time spent auto-exploring this place.
 F = Levels seen in this place.
 G = Mean time per level.
                   A        B        C        D        E       F      G
               +--------+--------+--------+--------+--------+-----+--------+
         Total |  38398 |  35399 |   2999 |   9162 |  18253 |  31 | 1238.6 |
       Dungeon |  18450 |  17288 |   1162 |   3894 |   9847 |  15 | 1230.0 |
          Lair |   7692 |   6814 |    878 |   1405 |   3715 |   5 | 1538.4 |
        Shoals |   4924 |   4560 |    364 |   1824 |   1619 |   4 | 1231.0 |
   Spider Nest |   5566 |   5038 |    528 |   1865 |   1954 |   4 | 1391.5 |
  Orcish Mines |   1482 |   1417 |     65 |    172 |    987 |   2 |  741.0 |
      Gauntlet |    281 |    281 |      0 |      0 |    130 |   1 |  281.0 |
               +--------+--------+--------+--------+--------+-----+--------+

Top non-repeatable levels by time:
    D:12: 2792 daAuts
  Lair:5: 2158 daAuts
Spider:4: 2050 daAuts
  Lair:1: 1947 daAuts
     D:5: 1764 daAuts
Shoals:2: 1689 daAuts
     D:9: 1688 daAuts
Shoals:3: 1623 daAuts
  Lair:2: 1498 daAuts
Spider:1: 1425 daAuts
    D:14: 1362 daAuts
     D:1: 1292 daAuts
Shoals:1: 1241 daAuts
     D:4: 1219 daAuts
     D:3: 1127 daAuts
